 Dungeon Crawl Stone Soup version 0.29.1-12-g30fa7ad0bf (webtiles) character file.

Game seed: 13469647475021477846

431 LustLizard the Shooter (level 6, -1/30 HPs)
             Began as a Spriggan Hunter on Dec 25, 2022.
             Was an Initiate of Dithmenos.
             Succumbed to a water moccasin's poison
             ... on level 5 of the Dungeon.
             The game lasted 00:05:52 (4090 turns).

LustLizard the Shooter (Spriggan Hunter)            Turns: 4090, Time: 00:05:52

Health: -1/30      AC:  2    Str:  7    XL:     6   Next: 66%
Magic:  7/7        EV: 18    Int: 11    God:    Dithmenos [......]
Gold:   181        SH:  0    Dex: 20    Spells: 3/5 levels left

rFire   . . .      SeeInvis +   a - +0 shortbow
rCold   . . .      Faith    .   (shield currently unavailable)
rNeg    . . .      Spirit   .   c - +0 robe
rPois   .          Reflect  .   (helmet restricted)
rElec   .          Harm     .   m - scarf {repulsion}
rCorr   .          Rampage  .   (gloves unavailable)
Will    +....                   (boots unavailable)
Stlth   ++........              (no amulet)
HPRegen 0.10/turn               (no ring)
MPRegen 0.10/turn               (no ring)

@: lethally poisoned (-1 -> -23), repel missiles, very quick
A: very small, no large weapons, unfitting armour, see invisible, speed 3
a: Renounce Religion


You were on level 5 of the Dungeon.
You worshipped Dithmenos.
Dithmenos was noncommittal.
You visited 1 branch of the dungeon, and saw 5 of its levels.

You collected 181 gold pieces.

Inventory:

Hand Weapons
 a - a +0 shortbow (weapon)
Armour
 c - a +0 robe (worn)
 m - a scarf of repulsion (worn)
Jewellery
 r - a +6 ring of strength
Wands
 n - a wand of roots (12)
Scrolls
 b - 2 scrolls of immolation
 d - a scroll of identify
 f - a scroll of fog {unknown}
 h - a scroll of amnesia {unknown}
 k - 2 scrolls of noise {unknown}
 l - a scroll of enchant weapon {unknown}
 q - a scroll of enchant armour {unknown}
 u - a scroll of silence {unknown}
Potions
 e - 2 potions of ambrosia
 g - 2 potions of flight
 i - a potion of might {unknown}
 j - 2 potions of brilliance
 o - a potion of curing
 p - a potion of degeneration {unknown}
 s - a potion of invisibility {unknown}
 t - 2 potions of lignification


   Skills:
 - Level 1.5 Fighting
 + Level 7.9 Ranged Weapons
 - Level 2.6 Dodging
 - Level 1.5 Stealth
 * Level 2.0 Translocations


You had 3 spell levels left.
You knew the following spells:

 Your Spells              Type           Power      Damage    Failure   Level
a - Blink                 Tloc           8%         N/A       24%         2

Your spell library contained the following spells:

 Spells                   Type           Power      Damage    Failure   Level
 Apportation              Tloc           8%         N/A       16%         1
 Lesser Beckoning         Tloc           4%         N/A       43%         3
 Manifold Assault         Tloc           4%         N/A       99%         5
 Alistair's Intoxication  Tmut/Pois      0%         N/A       100%        5


Dungeon Overview and Level Annotations

Branches:
Dungeon (5/15)
 Temple: D:4-7

Altars:
Ashenzari
Cheibriados
Dithmenos
Hepliaklqana
Ru
Trog


Innate Abilities, Weirdness & Mutations

You are very small and have problems with some larger weapons.
You are too small for most types of armour.
You have supernaturally acute eyesight. (SInv)
You cover ground extremely quickly. (Speed+++)


Message History

No target in view!
Okay, then.
As you read the scroll of identify, it crumbles to dust.
g - 2 potions of flight
As you read the scroll of identify, it crumbles to dust.
t - 2 potions of lignification You open the door.
There is an open door here.
An adder and a water moccasin come into view.
Found a puce potion.
The adder hisses angrily.
The water moccasin hisses angrily.
You shoot an arrow. The arrow hits the water moccasin.
The water moccasin is lightly wounded.
An orc comes into view. It is wielding a +0 short sword.
You shoot an arrow. The orc shouts!
The arrow hits the water moccasin.
The water moccasin is moderately wounded.
An orc comes into view. It is wielding a +0 hand axe.
You shoot an arrow. The orc shouts!
The arrow hits the water moccasin.
The water moccasin is moderately wounded.
There is an open door here.
You shoot an arrow.
The arrow barely misses the water moccasin.
The water moccasin bites you!
You are poisoned.
The water moccasin poisons you!
You shoot an arrow. The arrow misses the water moccasin.
You feel very sick. The water moccasin bites you. x2
* * * LOW HITPOINT WARNING * * *
You are more poisoned.
The water moccasin poisons you!
You are too injured to fight recklessly!
* * * LOW HITPOINT WARNING * * *
You feel very sick.
There is a stone staircase leading up here.
You die...

...o.!. ..... ...
#.###########
#.o.o..S....#
.......#########.#
..####)####### #.#
........###.#
#......†@'SS.#
#........#####
#........#
##+#######


You could see a water moccasin and an adder.

Vanquished Creatures
  An ogre (D:3)
  A howler monkey (D:4)
  2 orc priests (D:3)
  A hound (D:4)
  An orc wizard (D:4)
  A mummy (D:3)
  3 gnolls (D:3)
  9 adders
  2 worms (D:4)
  11 orcs
  8 bats
  6 endoplasms (D:1)
  2 giant cockroaches (D:4)
  2 goblins
  7 hobgoblins
  3 jackals (D:1)
  2 quokkas
  8 ball pythons
  2 frilled lizards
  3 rats
75 creatures vanquished.

Notes
Turn   | Place    | Note
-------+----------+-------------------------------------------
     0 | D:1      | LustLizard the Spriggan Hunter began the quest for the Orb.
     0 | D:1      | Reached XP level 1. HP: 10/10 MP: 2/2
   209 | D:1      | Found a faded altar of an unknown god.
   352 | D:1      | Reached XP level 2. HP: 14/14 MP: 3/3
  1196 | D:2      | Reached skill level 5 in Ranged Weapons
  1200 | D:2      | Reached XP level 3. HP: 18/18 MP: 4/4
  1863 | D:3      | Reached XP level 4. HP: 22/22 MP: 5/5
  1879 | D:3      | Noticed an ogre
  1927 | D:3      | Killed an ogre
  1928 | D:3      | Reached skill level 6 in Ranged Weapons
  1928 | D:3      | Reached XP level 5. HP: 25/25 MP: 6/6
  2343 | D:3      | Reached skill level 7 in Ranged Weapons
  2343 | D:3      | Found a snail-covered altar of Cheibriados.
  2609 | D:3      | Reached XP level 6. HP: 2/30 MP: 7/7
  3001 | D:4      | Found a sacrificial altar of Ru.
  3003 | D:4      | Found a bloodstained altar of Trog.
  3009 | D:4      | Found a shadowy altar of Dithmenos.
  3010 | D:4      | Found a hazy altar of Hepliaklqana.
  3010 | D:4      | Found a broken altar of Ashenzari.
  3018 | D:4      | Became a worshipper of Dithmenos the Shadowed
  3526 | D:4      | Learned a level 2 spell: Blink
  3582 | D:4      | Identified the +5 kite shield of the Ornamental God
                  | {Stlth+}
  3855 | D:4      | Reached skill level 1 in Translocations
  4042 | D:5      | Entered Level 5 of the Dungeon
  4067 | D:5      | Noticed a water moccasin
  4090 | D:5      | Succumbed to a water moccasin's poison

Illustrated notes

Levels and vault maps discovered:
D:1:      dpeg_arrival_brainrot, layout_basic, shapermc_ecumenical_altar_gd
D:2:      layout_rooms, kennysheep_crisscross
D:3:      layout_loops_ring, slow_altar_2
D:4:      layout_gridville, grunt_temple_overflow_open
D:5:      layout_basic

Skill      XL: |  1  2  3  4  5  6 |
---------------+-------------------+-----
Ranged Weapons | 5 6 7 |  7.9
Translocations | 2 |  2.0
Fighting       | |  1.5
Dodging        | |  2.6
Stealth        | |  1.5

Action                   |  1- 3 |  4- 6 || total
-------------------------+-------+-------++-------
 Fire: Shortbow          |    89 |   175 ||   264
  Use: Scroll            |     2 |     2 ||     4
Armor: Robe              |     2 |     8 ||    10
Dodge: Dodged            |    30 |    54 ||    84
       Repelled          |       |     1 ||     1
